 Dungeon Crawl Stone Soup version 0.28-a0-1114-g8eb0198dcf (webtiles) character file.

Game seed: 7007053146619726754

19 1994 the Twirler (level 2, -5/17 HPs)
             Began as a Tengu Gladiator on Dec 11, 2021.
             Killed from afar by a white imp (10 damage)
             ... with a puff of frost
             ... on level 3 of the Dungeon.
             The game lasted 00:01:12 (988 turns).

1994 the Twirler (Tengu Gladiator)                   Turns: 988, Time: 00:01:13

Health: -5/17      AC:  4    Str: 14    XL:     2   Next: 75%
Magic:  3/3        EV: 13    Int:  8    God:
Gold:   105        SH:  0    Dex: 21    Spells: 1/1 levels left

rFire   . . .      SeeInvis .   a - +0 quarterstaff
rCold   . . .      Faith    .   (shield currently unavailable)
rNeg    . . .      Spirit   .   b - +0 leather armour
rPois   .          Reflect  .   c - +0 hat
rElec   .          Harm     .   (no cloak)
rCorr   .          Rampage  .   j - +0 pair of gloves
Will    .....                   (boots unavailable)
Stlth   ++........              (no amulet)
HPRegen 0.05/turn               l - +6 ring of dexterity
MPRegen 0.08/turn               (no ring)

@: no status effects
A: beak, talons 3
a: no special abilities


You were on level 3 of the Dungeon.
You visited 1 branch of the dungeon, and saw 3 of its levels.

You collected 105 gold pieces.

Inventory:

Hand Weapons
 a - a +0 quarterstaff (weapon)
Missiles
 d - 3 throwing nets
 e - 61 stones
 g - 19 poisoned darts (quivered)
Armour
 b - a +0 leather armour (worn)
 c - a +0 hat (worn)
 j - a +0 pair of gloves (worn)
Jewellery
 l - a +6 ring of dexterity (left hand)
Scrolls
 i - 2 scrolls of noise {unknown}
 k - a scroll of identify {unknown}
 m - a scroll of enchant weapon {unknown}
Potions
 f - a potion of brilliance {unknown}
 h - a potion of might {unknown}


   Skills:
 * Level 2.3 Fighting
 * Level 3.5 Staves
 - Level 2.0 Throwing
 * Level 1.1 Armour
 * Level 3.5 Dodging


You had one spell level left.
You didn't know any spells.
Your spell library contained the following spells:

 Spells                   Type           Power      Damage    Failure   Level
 Animate Skeleton         Necr           0%         N/A       47%         1
 Apportation              Tloc           0%         N/A       47%         1
 Summon Small Mammal      Summ           0%         N/A       47%         1


Dungeon Overview and Level Annotations

Branches:
Dungeon (3/15)

Altars:


Innate Abilities, Weirdness & Mutations

You have a beak for a mouth.
You have claws for feet.


Message History

k - a scroll labelled WUCUUNK HOELA
Things that are here:
a +0 club; a goblin corpse
l - a +6 ring of dexterity
m - a scroll labelled ICELUC RUSIYFF You feel agile.
l - a +6 ring of dexterity (left hand) Done exploring.
Done exploring.
Done exploring.
Done exploring.
No target in view!
No target in view!
There is a stone staircase leading down here.
Done exploring.
Done exploring.
Done exploring.
You climb downwards.
Found an escape hatch in the ceiling.
Found a stone staircase leading down and a stone staircase leading up.
There is a stone staircase leading up here.
Unknown command.
Unknown command.
The white imp gestures at you. The puff of frost misses you.
The dart slug launches a dart at you. The slug dart hits you.
The white imp gestures at you. The puff of frost hits you!
Ouch! That really hurt!
* * * LOW HITPOINT WARNING * * *
You are too injured to fight recklessly!
You are too injured to fight recklessly!
You are too injured to fight recklessly!
You are too injured to fight recklessly!
Unknown command.
The white imp gestures at you. The puff of frost hits you!
Ouch! That really hurt!
You die...

#.######....#
#...........##
#.............#
####....5......#.<
..........<.......
......w.........##
#.............
#......>...#
#....@<....#
#..........#
#..........#
##........##
##......##
########


You could see a white imp and a dart slug.

Vanquished Creatures
  3 ball pythons (D:1)
  A goblin (D:2)
  A hobgoblin (D:1)
  4 jackals (D:1)
  2 quokkas
  2 bats (D:1)
  A frilled lizard (D:2)
  A kobold (D:1)
  A rat (D:1)
16 creatures vanquished.

Notes
Turn   | Place    | Note
-------+----------+-------------------------------------------
     0 | D:1      | 1994 the Tengu Gladiator began the quest for the Orb.
     0 | D:1      | Reached XP level 1. HP: 12/12 MP: 2/2
   320 | D:1      | Reached XP level 2. HP: 16/17 MP: 3/3
   396 | D:1      | Found a faded altar of an unknown god.
   405 | D:1      | Noticed an eye of devastation
   409 | D:1      | Noticed a floating eye
   413 | D:1      | Noticed an eye of devastation
   413 | D:1      | Noticed an eye of devastation
   457 | D:1      | Reached skill level 1 in Armour
   988 | D:3      | Killed from afar by a white imp

Illustrated notes

Levels and vault maps discovered:
D:1:      minmay_arrival_shattered_statue, layout_loops_ring,
          hellmonk_ecumenical_altar_watching_god
D:2:      layout_basic
D:3:      layout_rooms, minitemple, chequers_serial_rivers_room_b,
          kennysheep_generic_room_3

Skill      XL: |  1  2 |
---------------+-------+-----
Armour         | 1 |  1.1
Fighting       | |  2.3
Staves         | |  3.5
Throwing       | |  2.0
Dodging        | |  3.5

Action                   || total
-------------------------++-------
Melee: Quarterstaff      ||    26
       Kick              ||     4
       Peck              ||     2
Armor: Leather armour    ||     9
Dodge: Dodged            ||    19

Table legend: (Time is in decaauts)
 A = Elapsed time spent in this place.
 B = Non-inter-level travel time spent in this place.
 C = Inter-level travel time spent in this place.
 D = Time resting spent in this place.
 E = Time spent auto-exploring this place.
 F = Levels seen in this place.
 G = Mean time per level.
                   A        B        C        D        E       F      G
               +--------+--------+--------+--------+--------+-----+--------+
         Total |    990 |    927 |     63 |      0 |    781 |   3 |  330.0 |
       Dungeon |    990 |    927 |     63 |      0 |    781 |   3 |  330.0 |
               +--------+--------+--------+--------+--------+-----+--------+

Top non-repeatable levels by time:
     D:1: 620 daAuts
     D:2: 365 daAuts
     D:3: 4 daAuts
